AoeStats
← Kevin FZ3252

Oasis

507502037Analyzed
4v4 RM · 12d ago on Sep 18, 2026· 50m 16s· 8 players
Game mode
Random Map
Map size
Large (8 player)
Population
200
Speed
Normal
Resources
Standard
Victory
Conquest
Starting age
Dark Age
Ending age
Imperial Age
RankedLock teamsTeams togetherTeam positionsShared explorationLock speedFull tech treeHidden civsTurbo modeCheats
Victory
Defeat
🇨🇦 Khmer · Canada
762
+13
🇩🇪 Portuguese · Germany
740
+14
🇨🇳 Goths · China
670
+17
🇦🇹 Khitans · Austria
635
+18
🇺🇸 Japanese · United States
700
-16
🇪🇸 Britons · Spain
700
-16
🇺🇸 Franks · United States
689
-15
🇪🇬 Persians · Egypt
676
-15
Kevin FZ3252
11:30 Feudal Age
18:17 Castle Age
18:36 Stone Mining
19:10 Double-Bit Axe
20:10 Husbandry
29:18 Wheelbarrow
29:43 Bow Saw
34:06 Husbandry
36:48 Imperial Age
34:36 Hand Cart
37:15 Scale Barding Armor
37:20 Forging
38:31 Chain Barding Armor
39:42 Iron Casting
39:19 Cavalier
40:49 Caravan
43:00 Plate Barding Armor
43:26 Blast Furnace
43:57 Paladin
alexgolan
0:49 Loom
14:47 Feudal Age
15:12 Horse Collar
15:23 Double-Bit Axe
20:00 Man-at-Arms
22:35 Scale Mail Armor
25:43 Stone Mining
27:31 Wheelbarrow
27:12 Fletching
31:58 Castle Age
32:44 Forging
32:29 Gold Mining
33:20 Chain Mail Armor
33:01 Bodkin Arrow
32:55 Long Swordsman
33:00 Pikeman
35:40 Squires
zuri_gos
10:01 Feudal Age
8:41 Loom
11:49 Double-Bit Axe
19:14 Castle Age
17:12 Fletching
18:26 Padded Archer Armor
18:40 Horse Collar
21:22 Wheelbarrow
20:46 Bodkin Arrow
20:13 Crossbowman
20:58 Pikeman
24:01 Stone Mining
26:39 Man-at-Arms
27:48 Ballistics
28:04 Gambesons
29:41 Squires
31:32 Bow Saw
32:36 Hand Cart
33:44 Squires
37:51 Imperial Age
35:30 Town Watch
36:27 Forging
36:17 Scale Mail Armor
38:36 Warwolf
38:57 Town Patrol
40:03 Two-Man Saw
41:14 Arbalester
Brerzerk718
0:29 Loom
12:11 Feudal Age
25:17 Gold Mining
25:18 Stone Mining
26:05 Wheelbarrow
25:17 Double-Bit Axe
25:14 Horse Collar
26:51 Forging
26:47 Scale Barding Armor
29:41 Castle Age
30:58 Caravan
32:10 Gold Shaft Mining
32:10 Stone Shaft Mining
32:46 Husbandry
37:35 Hand Cart
R.I.P
12:32 Feudal Age
11:02 Loom
16:55 Castle Age
16:12 Double-Bit Axe
16:10 Horse Collar
18:17 Bow Saw
22:12 Wheelbarrow
26:12 Heavy Plow
26:07 Stone Mining
26:10 Gold Mining
27:47 Hand Cart
28:18 Gold Shaft Mining
28:21 Stone Shaft Mining
31:41 Imperial Age
33:11 Crop Rotation
36:39 Chemistry
36:00 Ballistics
36:35 Forging
36:31 Scale Barding Armor
37:49 Iron Casting
37:22 Siege Engineers
38:05 Conscription
37:46 Double Crossbow
39:40 Chain Barding Armor
40:21 Blast Furnace
39:21 Murder Holes
39:34 Tusk Swords
38:55 Elite Ballista Elephant
40:24 Husbandry
40:34 Bloodlines
40:22 Light Cavalry
43:29 Plate Barding Armor
42:50 Hussar
49:15 Elite Battle Elephant
Walls vs Zombies 2009
10:50 Feudal Age
10:17 Loom
13:29 Double-Bit Axe
15:08 Wheelbarrow
18:35 Castle Age
16:30 Gold Mining
16:37 Horse Collar
18:46 Bloodlines
18:56 Scale Barding Armor
19:01 Forging
22:12 Forging
23:10 Hand Cart
23:20 Bow Saw
26:51 Iron Casting
26:21 Husbandry
28:53 Imperial Age
27:43 Chain Barding Armor
27:29 Stone Mining
30:54 Chemistry
29:42 Town Watch
32:21 Cavalier
34:53 Plate Barding Armor
36:18 Blast Furnace
37:16 Fletching
37:27 Padded Archer Armor
37:21 Fletching
38:53 Two-Man Saw
37:54 Heavy Plow
38:18 Ballistics
38:13 Guilds
39:57 Arquebus
40:05 Siege Engineers
40:16 Leather Archer Armor
41:20 Ring Archer Armor
40:49 Bodkin Arrow
42:26 Coinage
42:42 Crop Rotation
42:36 Bracer
42:57 Bombard Tower
42:57 Treadmill Crane
43:28 Masonry
43:51 Banking
45:42 Sanctity
45:33 Fervor
45:46 Conscription
Swimling
12:30 Feudal Age
12:37 Feudal Age
17:16 Castle Age
15:51 Domestication
20:04 Pastoralism
19:53 Double-Bit Axe
24:49 Bow Saw
32:56 Husbandry
40:05 Imperial Age
39:41 Lamellar Armor
44:05 Light Cavalry
49:04 Hussar
Uecool
13:48 Feudal Age
15:47 Forging
15:48 Man-at-Arms
18:53 Double-Bit Axe
18:50 Horse Collar
25:02 Stone Mining
27:21 Castle Age
28:55 Wheelbarrow
28:21 Long Swordsman
29:41 Heavy Plow
30:27 Squires
34:36 Bow Saw
38:58 Hand Cart
41:33 Imperial Age
39:24 Gold Mining
40:50 Anarchy
44:31 Crop Rotation
44:37 Elite Huskarl
45:19 Perfusion
47:35 Two-Handed Swordsman
49:29 Conscription
48:39 Champion
Connection lost

Rejoining the realm…

Still unreachable

The connection could not be restored.

Session expired

The server has moved on; the page needs a fresh start.